AAA
ANNAPOLIS ADMIRALS @ JUAREZ GUERREROS
06/06/2060
 
TOP OF THE 1ST
Annapolis Admirals batting - Pitching for Juarez Guerreros : RHP Kareem Tillery
Pitching: RHP Kareem Tillery
Batting: LHB Nathan Bell 0-0: Called Strike
0-1: Foul Ball, location: 2F
0-2: Ball
1-2: Foul Ball, location: 2F
1-2: Foul Ball, location: 2F
1-2: Strikes out swinging
Batting: RHB Braden Sacks 0-0: Foul Ball, location: 2F
0-1: Ball
1-1: Ball
2-1: Called Strike
2-2: DOUBLE (Line Drive, 9LM, EV 105.6 MPH)
Batting: LHB Kentrellis Donciu 0-0: Called Strike
0-1: Ball
1-1: Ball
2-1: Foul Ball, location: 2F
2-2: Ball
3-2: Base on Balls
Batting: RHB Mason Severance 0-0: Grounds into double play, 5-4-3 (Groundball, 25, EV 93.1 MPH)
Top of the 1st over - 0 runs, 1 hit, 0 errors, 1 left on base; Annapolis 0 - Juarez 0
BOTTOM OF THE 1ST
Juarez Guerreros batting - Pitching for Annapolis Admirals : RHP Todd Curtis
Pitching: RHP Todd Curtis
Batting: RHB Owen Grossman 0-0: Called Strike
0-1: Ball
1-1: Foul Ball, location: 2F
1-2: Foul Ball, location: 2F
1-2: Ball
2-2: Foul Ball, location: 2F
2-2: Ball
3-2: Strikes out swinging
Batting: LHB Reed Horton 0-0: Called Strike
0-1: Ball
1-1: Called Strike
1-2: DOUBLE (Line Drive, 7LM, EV 107.5 MPH)
Batting: RHB Julius McCurdy 0-0: Ball
1-0: Ball
2-0: Called Strike
2-1: Ball
3-1: SINGLE (Groundball, 13S, EV 68.8 MPH) (infield hit)
Reed Horton to third
Batting: LHB Evan Reney 0-0: Reached on error, E5 (Groundball, 5, EV 76.9 MPH)
Reed Horton scores
Julius McCurdy to second
Batting: LHB Ricky Stegall 0-0: Called Strike
0-1: Fly out, F6 (Popup, 6M, EV 75.0 MPH)
Batting: RHB Tommy Tyrrell 0-0: Called Strike
0-1: Fielders Choice at 2nd, 5-4 (Groundball, 5, EV 91.9 MPH)
Bottom of the 1st over - 1 run, 2 hits, 1 error, 2 left on base; Annapolis 0 - Juarez 1
TOP OF THE 2ND
Annapolis Admirals batting - Pitching for Juarez Guerreros : RHP Kareem Tillery
Batting: RHB Trey Densmore 0-0: Ball
1-0: Foul Ball, location: 2F
1-1: Ground out 6-3 (Groundball, 56, EV 81.9 MPH)
Batting: LHB Charlie Estes 0-0: Ball
1-0: Ground out 3-1 (Groundball, 34, EV 89.4 MPH)
Batting: RHB Sonny Zidane 0-0: Foul Ball, location: 2F
0-1: Foul Ball, location: 2F
0-2: Ball
1-2: SOLO HOME RUN (Flyball, 7D, EV 104.4 MPH), Distance : 405 ft
Batting: LHB L.G. Clia 0-0: Ball
1-0: Ball
2-0: Ball
3-0: Called Strike
3-1: Called Strike
3-2: Foul Ball, location: 2F
3-2: Base on Balls
Batting: RHB Antonio Boyle 0-0: Ball
1-0: Ball
2-0: Ball
3-0: Called Strike
3-1: Called Strike
3-2: Strikes out swinging
Top of the 2nd over - 1 run, 1 hit, 0 errors, 1 left on base; Annapolis 1 - Juarez 1
BOTTOM OF THE 2ND
Juarez Guerreros batting - Pitching for Annapolis Admirals : RHP Todd Curtis
Batting: LHB Bubba Cain 0-0: Called Strike
0-1: Foul Ball, location: 2F
0-2: Ball
1-2: Foul Ball, location: 2F
1-2: Fly out, F9 (Line Drive, 9LM, EV 93.8 MPH)
Batting: SHB Damian Skinner 0-0: Ground out U3 (Groundball, 3S, EV 64.4 MPH)
Batting: RHB Wilson McFarland 0-0: Ball
1-0: Ball
2-0: Called Strike
2-1: Called Strike
2-2: Ball
3-2: Foul Ball, location: 2F
3-2: Foul Ball, location: 2F
3-2: Strikes out swinging
Bottom of the 2nd over - 0 runs, 0 hits, 0 errors, 0 left on base; Annapolis 1 - Juarez 1
TOP OF THE 3RD
Annapolis Admirals batting - Pitching for Juarez Guerreros : RHP Kareem Tillery
Batting: LHB Nathan Bell 0-0: Ball
1-0: Called Strike
1-1: Swinging Strike
1-2: Reached on error, E6 (Flyball, 6D, EV 91.9 MPH)
Batting: RHB Braden Sacks 0-0: Ball
1-0: Swinging Strike
1-1: Ball
2-1: Called Strike
2-2: Strikes out swinging
Batting: LHB Kentrellis Donciu 0-0: Called Strike
0-1: Ball
1-1: Ball
2-1: Called Strike
2-2: SINGLE (Popup, 13S, EV 81.2 MPH)
Nathan Bell to second
Batting: RHB Mason Severance 0-0: Called Strike
0-1: Ball
1-1: Called Strike
1-2: Ball
2-2: 3-RUN HOME RUN (Flyball, 7D, EV 108.8 MPH), Distance : 412 ft
Batting: RHB Trey Densmore 0-0: Called Strike
0-1: SINGLE (Flyball, 8LS, EV 101.9 MPH)
Batting: LHB Charlie Estes 0-0: Ball
1-0: Swinging Strike
1-1: Ball
2-1: Called Strike
2-2: Foul Ball, location: 2F
2-2: Foul Ball, location: 2F
2-2: Foul Ball, location: 2F
2-2: TRIPLE (Flyball, 89XD, EV 100.0 MPH)
Trey Densmore scores
Pitching: RHP Gerald Roderick
Batting: RHB Sonny Zidane 0-0: Ball
1-0: Ball
2-0: Ball
3-0: Called Strike
3-1: Base on Balls
Batting: LHB L.G. Clia 0-0: Ball
1-0: Foul Ball, location: 2F
1-1: Called Strike
1-2: Foul Ball, location: 2F
1-2: Grounds into double play, 5-4-3 (Groundball, 56S, EV 81.2 MPH)
Top of the 3rd over - 4 runs, 4 hits, 1 error, 1 left on base; Annapolis 5 - Juarez 1
BOTTOM OF THE 3RD
Juarez Guerreros batting - Pitching for Annapolis Admirals : RHP Todd Curtis
Batting: RHB Owen Grossman 0-0: Foul Ball, location: 2F
0-1: Called Strike
0-2: Fly out, F4 (Popup, 4M, EV 56.9 MPH)
Batting: LHB Reed Horton 0-0: Swinging Strike
0-1: Ball
1-1: Ball
2-1: Foul Ball, location: 2F
2-2: Foul Ball, location: 2F
2-2: SINGLE (Line Drive, 78S, EV 108.8 MPH)
Batting: RHB Julius McCurdy 0-0: Ball
1-0: Foul Ball, location: 2F
1-1: Grounds into double play, 5-4-3 (Groundball, 56, EV 83.1 MPH)
Bottom of the 3rd over - 0 runs, 1 hit, 0 errors, 0 left on base; Annapolis 5 - Juarez 1
TOP OF THE 4TH
Annapolis Admirals batting - Pitching for Juarez Guerreros : RHP Gerald Roderick
Batting: RHB Antonio Boyle 0-0: Ground out 5-3 (Groundball, 5S, EV 83.8 MPH)
Batting: LHB Nathan Bell 0-0: Ball
1-0: Called Strike
1-1: SINGLE (Groundball, 34D, EV 100.6 MPH)
Batting: RHB Braden Sacks 0-0: Called Strike
Nathan Bell is caught stealing 2nd base 2-4
0-1: Ball
1-1: Ball
2-1: Ball
3-1: Ground out 4-3 (Groundball, 4S, EV 83.8 MPH)
Top of the 4th over - 0 runs, 1 hit, 0 errors, 0 left on base; Annapolis 5 - Juarez 1
BOTTOM OF THE 4TH
Juarez Guerreros batting - Pitching for Annapolis Admirals : RHP Todd Curtis
Batting: LHB Evan Reney 0-0: Ball
1-0: Ball
2-0: Ball
3-0: Called Strike
3-1: Base on Balls
Batting: LHB Ricky Stegall 0-0: Called Strike
0-1: Foul Ball, location: 2F
0-2: Foul Ball, location: 2F
0-2: Strikes out swinging
Batting: RHB Tommy Tyrrell 0-0: Ball
1-0: Foul Ball, location: 2F
1-1: Foul Ball, location: 2F
1-2: Fly out, F8 (Flyball, 8LD, EV 85.6 MPH)
Batting: LHB Bubba Cain 0-0: SINGLE (Groundball, 34D, EV 105.6 MPH)
Evan Reney to second
Runner from 2nd tries for 3rd, SAFE, throw by RF made to third
Batting: SHB Damian Skinner 0-0: Ball
1-0: Ball
2-0: Called Strike
2-1: SINGLE (Groundball, 4MD, EV 106.2 MPH)
Evan Reney scores
Bubba Cain to second
Batting: RHB Wilson McFarland 0-0: Foul Ball, location: 2F
0-1: Ball
1-1: Ball
2-1: Ball
3-1: Base on Balls
Bubba Cain to third
Damian Skinner to second
Batting: RHB Owen Grossman 0-0: Ball
1-0: Ball
2-0: Ball
3-0: Foul Ball, location: 2F
3-1: Swinging Strike
3-2: Strikes out looking
Bottom of the 4th over - 1 run, 2 hits, 0 errors, 3 left on base; Annapolis 5 - Juarez 2
TOP OF THE 5TH
Annapolis Admirals batting - Pitching for Juarez Guerreros : RHP Gerald Roderick
Batting: LHB Kentrellis Donciu 0-0: Ball
1-0: Ball
2-0: Fly out, F9 (Flyball, 9D, EV 91.9 MPH)
Batting: RHB Mason Severance 0-0: Ball
1-0: Ball
2-0: Ball
3-0: Called Strike
3-1: Ground out 5-3 (Groundball, 56S, EV 85.0 MPH)
Batting: RHB Trey Densmore 0-0: Ball
1-0: Ball
2-0: Foul Ball, location: 2F
2-1: Ball
3-1: Called Strike
3-2: Fly out, F8 (Flyball, 8RD, EV 104.4 MPH)
Top of the 5th over - 0 runs, 0 hits, 0 errors, 0 left on base; Annapolis 5 - Juarez 2
BOTTOM OF THE 5TH
Juarez Guerreros batting - Pitching for Annapolis Admirals : RHP Todd Curtis
Batting: LHB Reed Horton 0-0: Ball
1-0: Ball
2-0: Ball
3-0: Called Strike
3-1: Ground out 4-3 (Groundball, 4, EV 79.4 MPH)
Batting: RHB Julius McCurdy 0-0: Called Strike
0-1: Ball
1-1: Swinging Strike
1-2: Reached on error, E5 (Groundball, 56, EV 84.4 MPH)
Batting: LHB Evan Reney 0-0: Ball
1-0: Ball
2-0: Fly out, F7 (Flyball, 7, EV 79.4 MPH)
Batting: LHB Ricky Stegall 0-0: Ball
1-0: 2-RUN HOME RUN (Flyball, 8LXD, EV 110.0 MPH), Distance : 450 ft
Batting: RHB Tommy Tyrrell 0-0: Ball
1-0: Ball
2-0: Called Strike
2-1: Swinging Strike
2-2: Foul Ball, location: 2F
2-2: Ball
3-2: Foul Ball, location: 2F
3-2: Base on Balls
Batting: LHB Bubba Cain 0-0: Called Strike
Tommy Tyrrell steals 2nd base (no throw)
0-1: Called Strike
0-2: Strikes out swinging
Bottom of the 5th over - 2 runs, 1 hit, 1 error, 1 left on base; Annapolis 5 - Juarez 4
TOP OF THE 6TH
Annapolis Admirals batting - Pitching for Juarez Guerreros : RHP Gerald Roderick
Pitching: LHP Davis Reis
Batting: LHB Charlie Estes 0-0: Fly out, F9 (Flyball, 9, EV 93.8 MPH)
Batting: RHB Sonny Zidane 0-0: Foul Ball, location: 2F
0-1: Fly out, F9 (Flyball, 89M, EV 89.4 MPH)
Batting: LHB L.G. Clia 0-0: Foul Ball, location: 2F
0-1: Ball
1-1: Ground out 1-3 (Groundball, 34S, EV 67.5 MPH)
Top of the 6th over - 0 runs, 0 hits, 0 errors, 0 left on base; Annapolis 5 - Juarez 4
BOTTOM OF THE 6TH
Juarez Guerreros batting - Pitching for Annapolis Admirals : RHP Todd Curtis
Pitching: RHP Curtis Huntsinger
Batting: SHB Damian Skinner 0-0: Swinging Strike
0-1: Swinging Strike
0-2: Foul Ball, location: 2F
0-2: Foul Ball, location: 2F
0-2: Ball
1-2: Strikes out swinging
Batting: RHB Wilson McFarland 0-0: Called Strike
0-1: Called Strike
0-2: Ball
1-2: Ball
2-2: Ground out U3 (Groundball, 3, EV 98.8 MPH)
Batting: RHB Owen Grossman 0-0: Called Strike
0-1: Ball
1-1: Swinging Strike
1-2: Ball
2-2: Ground out 5-3 (Groundball, 5S, EV 78.8 MPH)
Bottom of the 6th over - 0 runs, 0 hits, 0 errors, 0 left on base; Annapolis 5 - Juarez 4
TOP OF THE 7TH
Annapolis Admirals batting - Pitching for Juarez Guerreros : LHP Davis Reis
Batting: RHB Antonio Boyle 0-0: Ball
1-0: Fly out, F7 (Flyball, 7, EV 87.5 MPH)
Batting: LHB Nathan Bell 0-0: Ball
1-0: Swinging Strike
1-1: Ball
2-1: Ground out 3-1 (Groundball, 34S, EV 90.0 MPH)
Batting: RHB Braden Sacks 0-0: Ball
1-0: Swinging Strike
1-1: Ball
2-1: Fly out, F9 (Flyball, 9, EV 81.9 MPH)
Top of the 7th over - 0 runs, 0 hits, 0 errors, 0 left on base; Annapolis 5 - Juarez 4
BOTTOM OF THE 7TH
Juarez Guerreros batting - Pitching for Annapolis Admirals : RHP Curtis Huntsinger
Batting: LHB Reed Horton 0-0: Foul Ball, location: 2F
0-1: Ball
1-1: Foul Ball, location: 2F
1-2: Strikes out swinging, 2-3 out at first.
Batting: RHB Julius McCurdy 0-0: Ground out 6-3 (Groundball, 6M, EV 86.9 MPH)
Batting: LHB Evan Reney 0-0: Ball
1-0: Ball
2-0: Foul Ball, location: 2F
2-1: Foul Ball, location: 2F
2-2: Foul Ball, location: 2F
2-2: Ball
3-2: SOLO HOME RUN (Flyball, 89XD, EV 106.9 MPH), Distance : 438 ft
Batting: LHB Ricky Stegall 0-0: Called Strike
0-1: Ball
1-1: Called Strike
1-2: Fly out, F8 (Flyball, 78M, EV 75.6 MPH)
Bottom of the 7th over - 1 run, 1 hit, 0 errors, 0 left on base; Annapolis 5 - Juarez 5
TOP OF THE 8TH
Annapolis Admirals batting - Pitching for Juarez Guerreros : LHP Davis Reis
Pinch Hitting: RHB Justyn Wylie 0-0: Called Strike
0-1: Ball
1-1: Called Strike
1-2: Strikes out swinging
Batting: RHB Mason Severance 0-0: Called Strike
0-1: Ball
1-1: Foul Ball, location: 2F
1-2: Ground out 5-3 (Groundball, 56, EV 88.1 MPH)
Batting: RHB Trey Densmore 0-0: Ball
1-0: Foul Ball, location: 2F
1-1: Ball
2-1: Swinging Strike
2-2: Foul Ball, location: 2F
2-2: Fly out, F8 (Flyball, 78D, EV 86.2 MPH)
Top of the 8th over - 0 runs, 0 hits, 0 errors, 0 left on base; Annapolis 5 - Juarez 5
BOTTOM OF THE 8TH
Juarez Guerreros batting - Pitching for Annapolis Admirals : RHP Curtis Huntsinger
Now at 1B: Justyn Wylie
Batting: RHB Tommy Tyrrell 0-0: Ball
1-0: Ball
2-0: Foul Ball, location: 2F
2-1: Fly out, F7 (Flyball, 7, EV 72.5 MPH)
Batting: LHB Bubba Cain 0-0: Foul Ball, location: 2F
0-1: Fly out, F9 (Flyball, 9D, EV 93.1 MPH)
Batting: SHB Damian Skinner 0-0: Ball
1-0: Called Strike
1-1: Ball
2-1: Ball
3-1: Called Strike
3-2: Base on Balls
Batting: RHB Wilson McFarland 0-0: Called Strike
0-1: Ball
1-1: SINGLE (Flyball, 3D, EV 94.4 MPH)
Damian Skinner to second
Pitching: LHP Manny Besant
Batting: RHB Owen Grossman 0-0: Ball
1-0: Ball
2-0: Foul Ball, location: 2F
2-1: Reached on error, E5 (Groundball, 56, EV 75.6 MPH)
Damian Skinner to third
Wilson McFarland to second
Pinch Hitting: RHB Gerrod Vicuna 0-0: Ball
1-0: Fielders Choice at 2nd, 6-4 (Groundball, 6, EV 97.5 MPH)
Bottom of the 8th over - 0 runs, 1 hit, 1 error, 3 left on base; Annapolis 5 - Juarez 5
TOP OF THE 9TH
Annapolis Admirals batting - Pitching for Juarez Guerreros : LHP Davis Reis
Pitching: RHP Jaxon Lentini
Now in RF: Corey Benson
Batting: LHB Charlie Estes 0-0: Ball
1-0: Called Strike
1-1: Ball
2-1: Ball
3-1: Foul Ball, location: 2F
3-2: Strikes out swinging
Batting: RHB Sonny Zidane 0-0: Called Strike
0-1: Fly out, F8 (Flyball, 8RD, EV 83.8 MPH)
Batting: LHB L.G. Clia 0-0: Foul Ball, location: 2F
0-1: Swinging Strike
0-2: Strikes out swinging
Top of the 9th over - 0 runs, 0 hits, 0 errors, 0 left on base; Annapolis 5 - Juarez 5
BOTTOM OF THE 9TH
Juarez Guerreros batting - Pitching for Annapolis Admirals : LHP Manny Besant
Batting: RHB Julius McCurdy 0-0: Swinging Strike
0-1: Ball
1-1: Ball
2-1: Foul Ball, location: 2F
2-2: SINGLE (Groundball, 23, EV 70.0 MPH) (infield hit)
Batting: LHB Evan Reney 0-0: Fly out, F8 (Flyball, 8LXD, EV 107.5 MPH)
Batting: LHB Ricky Stegall 0-0: Ball
1-0: SINGLE (Groundball, 34D, EV 94.4 MPH)
Julius McCurdy to second
Batting: RHB Tommy Tyrrell 0-0: Called Strike
0-1: Ball
1-1: Foul Ball, location: 2F
1-2: Ball
2-2: Ball
3-2: Fielders Choice at 2nd, 4-6 (Groundball, 4, EV 83.8 MPH)
Julius McCurdy to third
Batting: LHB Bubba Cain 0-0: Called Strike
0-1: Called Strike
0-2: Foul Ball, location: 2F
0-2: Ground out 6-3 (Groundball, 6M, EV 103.1 MPH)
Bottom of the 9th over - 0 runs, 2 hits, 0 errors, 2 left on base; Annapolis 5 - Juarez 5
TOP OF THE 10TH
Annapolis Admirals batting - Pitching for Juarez Guerreros : RHP Jaxon Lentini
Batting: RHB Antonio Boyle 0-0: Foul Ball, location: 2F
0-1: Fly out, F6 (Flyball, 56D, EV 90.0 MPH)
Batting: LHB Nathan Bell 0-0: Foul Ball, location: 2F
0-1: Ball
1-1: Called Strike
1-2: Foul Ball, location: 2F
1-2: Strikes out swinging
Batting: RHB Braden Sacks 0-0: Foul Ball, location: 2F
0-1: Called Strike
0-2: Ball
1-2: Foul Ball, location: 2F
1-2: Ball
2-2: Foul Ball, location: 2F
2-2: Ball
3-2: Fly out, F6 (Popup, 6MS, EV 78.1 MPH)
Top of the 10th over - 0 runs, 0 hits, 0 errors, 0 left on base; Annapolis 5 - Juarez 5
BOTTOM OF THE 10TH
Juarez Guerreros batting - Pitching for Annapolis Admirals : LHP Manny Besant
Pitching: LHP Kyle Heldt
Batting: SHB Damian Skinner 0-0: Swinging Strike
0-1: Fly out, F3 (Line Drive, 3, EV 74.4 MPH)
Batting: RHB Wilson McFarland 0-0: Called Strike
0-1: Foul Ball, location: 2F
0-2: Ball
1-2: Ball
2-2: Foul Ball, location: 2F
2-2: Ball
3-2: SINGLE (Line Drive, 56, EV 108.1 MPH)
Batting: RHB Owen Grossman 0-0: Ball
1-0: Called Strike
1-1: Ball
2-1: Foul Ball, location: 2F
2-2: Ball
3-2: Grounds into double play, 1-6-3 (Groundball, 13S, EV 70.6 MPH)
Bottom of the 10th over - 0 runs, 1 hit, 0 errors, 0 left on base; Annapolis 5 - Juarez 5
TOP OF THE 11TH
Annapolis Admirals batting - Pitching for Juarez Guerreros : RHP Jaxon Lentini
Batting: RHB Justyn Wylie 0-0: Ball
1-0: Foul Ball, location: 2F
1-1: Ball
2-1: Foul Ball, location: 2F
2-2: DOUBLE (Line Drive, 89XD, EV 101.9 MPH)
Pitching: RHP Logan Gissendaner
Batting: RHB Mason Severance 0-0: Ball
1-0: Ball
2-0: Ball
3-0: Called Strike
3-1: Foul Ball, location: 2F
3-2: Foul Ball, location: 2F
3-2: Foul Ball, location: 2F
3-2: SINGLE (Groundball, 6MD, EV 96.2 MPH)
Justyn Wylie to third
Batting: RHB Trey Densmore 0-0: Called Strike
0-1: Ball
1-1: Ball
2-1: Fly out, F7 (Flyball, 7, EV 98.8 MPH)
Batting: LHB Charlie Estes 0-0: Called Strike
Mason Severance steals 2nd base (no throw)
0-1: TRIPLE (Line Drive, 9D, EV 111.9 MPH)
Justyn Wylie scores
Mason Severance scores
Batting: RHB Sonny Zidane 0-0: Ball
1-0: Called Strike
1-1: Fly out, F9 (Flyball, 89M, EV 90.6 MPH)
Runner from 3rd tags up, SCORES, throw by RF
Batting: LHB L.G. Clia 0-0: Ball
1-0: SINGLE (Line Drive, 3D, EV 99.4 MPH)
Batting: RHB Antonio Boyle 0-0: Called Strike
L.G. Clia steals 2nd base
0-1: Swinging Strike
0-2: Ball
1-2: Ball
2-2: Ground out 4-3 (Groundball, 4MD, EV 85.6 MPH)
Top of the 11th over - 3 runs, 4 hits, 0 errors, 1 left on base; Annapolis 8 - Juarez 5
BOTTOM OF THE 11TH
Juarez Guerreros batting - Pitching for Annapolis Admirals : LHP Kyle Heldt
Batting: RHB Corey Benson 0-0: SOLO HOME RUN (Flyball, 7D, EV 105.0 MPH), Distance : 397 ft
Batting: RHB Julius McCurdy 0-0: Foul Ball, location: 2F
0-1: Ball
1-1: SOLO HOME RUN (Flyball, 9LD, EV 92.5 MPH), Distance : 359 ft
Batting: LHB Evan Reney 0-0: Ball
1-0: Swinging Strike
1-1: Swinging Strike
1-2: Foul Ball, location: 2F
1-2: Foul Ball, location: 2F
1-2: Strikes out swinging
Batting: LHB Ricky Stegall 0-0: Called Strike
0-1: Ball
1-1: Ground out 4-3 (Groundball, 4, EV 103.8 MPH)
Batting: RHB Tommy Tyrrell 0-0: Ball
1-0: Called Strike
1-1: Foul Ball, location: 2F
1-2: Ball
2-2: Ball
3-2: Foul Ball, location: 2F
3-2: Foul Ball, location: 2F
3-2: Ground out 4-3 (Groundball, 4, EV 85.6 MPH)
Bottom of the 11th over - 2 runs, 2 hits, 0 errors, 0 left on base; Annapolis 8 - Juarez 7
Sunday, May 5th , 2024 - OOTP Baseball 23.10 Build 110